AoeStats
← sleepygreen801

Enclosed

503928126Analyzed
1v1 RM · 2mo ago on Sep 3, 2026· 68m 36s· 2 players
Game mode
Random Map
Map size
Tiny (2 player)
Population
200
Speed
Normal
Resources
Standard
Victory
Conquest
Starting age
Dark Age
Ending age
Imperial Age
RankedLock teamsTeams togetherTeam positionsShared explorationLock speedFull tech treeHidden civsTurbo modeCheats
Victory
Defeat
🇦🇺 Tupi · Australia
919
+15
vs
🇺🇸 Malay · United States
890
-15
sleepygreen801
8:40 Loom
10:35 Feudal Age
16:47 Castle Age
15:01 Double-Bit Axe
16:05 Fletching
17:47 Horse Collar
18:47 Crossbowman
19:51 Town Watch
20:43 Bodkin Arrow
24:32 Man-at-Arms
25:16 Squires
25:07 Arson
26:46 Wheelbarrow
26:06 Long Swordsman
28:04 Ballistics
28:31 Thumb Ring
31:04 Forging
35:29 Iron Casting
39:42 Imperial Age
37:53 Padded Archer Armor
40:38 Conscription
39:44 Two-Handed Swordsman
42:37 Blast Furnace
44:16 Bow Saw
44:39 Arbalester
45:38 Leather Archer Armor
46:56 Capped Ram
53:18 Heavy Scorpion
57:54 Chemistry
57:05 Masonry
59:05 Ring Archer Armor
60:48 Forced Levy
63:07 Redemption
63:22 Siege Engineers
64:42 Town Patrol
bean
7:22 Loom
10:46 Feudal Age
11:20 Double-Bit Axe
11:15 Horse Collar
11:20 Champi Runner
19:58 Castle Age
18:09 Stone Mining
18:29 Gold Mining
19:01 Town Watch
20:08 Scale Mail Armor
21:28 Champi Warrior
26:33 Wheelbarrow
26:32 Squires
26:24 Arson
26:56 Bow Saw
28:15 Chain Mail Armor
29:05 Heavy Plow
33:29 Forging
33:55 Fletching
35:13 Hand Cart
39:32 Imperial Age
37:37 Caciques
37:36 Padded Archer Armor
38:59 Town Patrol
39:24 Bodkin Arrow
39:45 Leather Archer Armor
40:07 Iron Casting
40:17 Bracer
40:48 Plate Mail Armor
40:42 Ballistics
41:52 Chemistry
40:51 Murder Holes
42:16 Ring Archer Armor
43:41 Conscription
44:22 Curare
45:02 Hoardings
45:34 Treadmill Crane
45:31 Elite Champi Warrior
45:42 Elite Blackwood Archer
48:29 Gold Shaft Mining
48:55 Two-Man Saw
51:33 Elite Ibirapema Warrior
59:35 Onager
Connection lost

Rejoining the realm…

Still unreachable

The connection could not be restored.

Session expired

The server has moved on; the page needs a fresh start.